 Dungeon Crawl Stone Soup version 0.31-a0-955-gcb8bc90ed4 (webtiles) character file.

Game seed: 1963201436709203370

240 Conn the Sneak (level 6, 0/36 HPs)
             Began as an Octopode Fire Elementalist on Oct 22, 2023.
             Was a Plaything of Xom.
             Slain by a kobold brigand
             ... wielding a +2 rapier of electrocution
              (13 damage)
             ... on level 4 of the Dungeon.
             The game lasted 00:11:16 (3291 turns).

Conn the Sneak (Octopode Fire Elementalist)         Turns: 3291, Time: 00:11:20

Health: 0/36       AC:  3    Str: 10 (13) XL:     6   Next: 8%
Magic:  7/10       EV: 18    Int: 17 (20) God:    Xom [..*...]
Gold:   189        SH:  0    Dex: 10 (12) Spells: 2/10 levels left

rFire   . . .        a - +3 short sword (elec)
rCold   . . .        (no shield)
rNeg    . . .        (helmet restricted)
rPois   .            (no amulet)
rElec   .            g - +5 ring of evasion
rCorr   .            m - +6 ring of strength
SInv    .            (no ring)
Will    .....        (no ring)
Stlth   +++          (no ring)
HPRegen 0.26/turn    (no ring)
MPRegen 0.12/turn    (no ring)
                     (no ring)

%: no passive effects
@: brilliant, lethally poisoned (0 -> 0)
A: almost no armour, amphibious, 8 rings, camouflage 1, gelatinous body 1,
(nimble swimmer 1), tentacles, iridescent scales 1, mutation resistance 1, sense
surroundings 1
a: Renounce Religion


You were on level 4 of the Dungeon.
You worshipped Xom.
You were a toy of Xom.
You visited 1 branch of the dungeon, and saw 4 of its levels.

You collected 211 gold pieces.
You spent 22 gold pieces at shops.

Inventory:

Hand Weapons
 a - a +3 short sword of electrocution (weapon)
 d - a +0 dagger
 k - a +2 short sword of venom
Jewellery
 g - a +5 ring of evasion (left tentacle)
 m - a +6 ring of strength (right tentacle)
Scrolls
 e - 2 scrolls of identify
Potions
 b - 4 potions of cancellation
 c - 3 potions of curing
 f - 2 potions of mutation
 n - a potion of magic


   Skills:
 + Level 3.1 Dodging
 + Level 4.3 Stealth
 + Level 2.9 Spellcasting
 + Level 2.5 Conjurations
 * Level 1.0 Hexes
 * Level 0.8 Translocations
 + Level 3.9 Fire Magic


You had 2 spell levels left.
You knew the following spells:

 Your Spells              Type           Power      Damage    Failure   Level
a - Foxfire               Conj/Fire      80%        2x1d8     4%          1
b - Scorch                Fire           46%        2d6       5%          2
c - Inner Flame           Hex/Fire       16%        N/A       19%         3
d - Blink                 Tloc           16%        N/A       19%         2

Your spell library contained the following spells:

 Spells                   Type           Power      Damage    Failure   Level
 Momentum Strike          Conj/Tloc      24%        3d8       13%         2
 Lesser Beckoning         Tloc           16%        N/A       19%         2
 Volatile Blastmotes      Fire/Tloc      30%        2d12      21%         3
 Flame Wave               Conj/Fire      20%        2d7       43%         4
 Summon Lightning Spire   Summ/Air       3%         N/A       87%         4
 Yara's Violent Unravell  Hex/Tmut       3%         3d4       98%         5
 Lee's Rapid Deconstruct  Erth           1%         3d4*      99%         5
 Enfeeble                 Hex            4%         N/A       100%        7
 Animate Armour           Summ/Erth      Unusable   N/A       N/A         4

Dungeon Overview and Level Annotations

Branches:
Dungeon (4/15)
 Temple: D:4-7

Altars:
Fedhas
Xom

Shops:
D:4 ?

Annotations:
D:4 dertzug's ghost, novice OpSh


Innate Abilities, Weirdness & Mutations

You cannot wear most types of armour.
You are amphibious.
You can wear up to eight rings at the same time.
Your skin changes colour to match your surroundings (Stealth+).
Your rubbery body absorbs attacks. (AC +1, EV +1)
((You are camouflaged when in or above water. (Stealth+)))
You have tentacles for arms and can constrict up to eight enemies at once.
You are partially covered in iridescent scales. (AC +2)
You are somewhat resistant to further mutation.
You passively map a small area around you.


Message History

You feel sick. "Go forth and cause havoc, mortal!"
You feel clever all of a sudden.
Unknown command.
Casting: Inner Flame (quite dangerous; 19% risk of failure)
Confirm with . or Enter, or press ? or * to list all spells.
Okay, then.
Unknown command.
Magic courses through your body.
You feel sick. The kobold brigand barely misses you.
Casting: Inner Flame (quite dangerous; 19% risk of failure)
Confirm with . or Enter, or press ? or * to list all spells.
Aiming: Inner Flame (quite dangerous; 19% risk of failure)
Press: ? - help, Dir - move target, f/p - kobold brigand
Aim: a kobold brigand, wielding a +2 rapier of electrocution and quivering poisoned darts (chance to affect: 71%)
You feel a surge of power!
The kobold brigand is filled with an inner flame.
You feel sick.
The kobold brigand hits you with a +2 rapier of electrocution!
Casting: Inner Flame (quite dangerous; 19% risk of failure)
Confirm with . or Enter, or press ? or * to list all spells.
You feel a surge of power!
You conjure some foxfire!
You feel sick.
The kobold brigand hits you with a +2 rapier of electrocution!
Unknown command.
You feel sick.
The foxfire hits the kobold brigand!
Flame seeps out of the kobold brigand.
The kobold brigand is moderately wounded.
The foxfire hits the kobold brigand but does no damage.
The kobold brigand is moderately wounded.
The kobold brigand is engulfed in blazing flames.
Flame seeps out of the kobold brigand.
The kobold brigand attacks as it pursues you!
The kobold brigand completely misses you.
Casting: Foxfire (safe; 4% risk of failure)
Confirm with . or Enter, or press ? or * to list all spells.
You feel a surge of power!
You conjure some foxfire!
You feel sick.
The kobold brigand hits you but does no damage.
You are electrocuted!
You die...
Xom chortles!

## ##.#######.###.# #.####.##
#.# #.# #.###.# #.# #.# #...#∩#
* ##+## #.# ###.#.# * *
#####...### #.# #.#.# #
#.........# #.#####.#<# ##
#.##'''##K## #.........# *
.#####.)KK.##K####...##)#######,
....#P.#.#.K#W○K@v.[..†........
,
.####⌠.#.#.⌠#.#.v.......######.
## #P.#.#.P###.###.##..# *< * .#
##.....## #.# ####..# .# ##$[.##
#.# * ...# .# ## #.# ##.##* ** *
## * #.# *#.# , #####*###.# #.#
, #.# * ##.. ,..#.## #.. .# *


You could see a kobold brigand (inner flame, ally target), dertzug's ghost and a
kobold.

Vanquished Creatures
  A sleepcap (D:4)
  An orc wizard (D:4)
  3 gnolls (D:2)
  8 adders
  A worm (D:3)
  2 dart slugs
  3 orcs (D:4)
  6 bats
  3 endoplasms
  3 giant cockroaches
  6 hobgoblins
  3 jackals (D:1)
  4 quokkas
  11 ball pythons
  A frilled lizard (D:2)
  7 goblins
  14 kobolds
  7 rats
84 creatures vanquished.

Vanquished Creatures (others)
  175 foxfires
175 creatures vanquished.

Grand Total: 259 creatures vanquished

Notes
Turn   | Place    | Note
-------+----------+-------------------------------------------
     0 | D:1      | Conn the Octopode Fire Elementalist began the quest for the
                  | Orb.
     0 | D:1      | Reached XP level 1. HP: 11/11 MP: 3/3
   298 | D:1      | Reached XP level 2. HP: 14/17 MP: 0/5
   367 | D:1      | Learned a level 2 spell: Scorch
   379 | D:1      | Reached skill level 3 in Stealth
   537 | D:1      | Found a faded altar of an unknown god.
   556 | D:1      | Prayed at the altar of an unknown god.
   556 | D:1      | Became a worshipper of Xom of Chaos
   784 | D:2      | XOM: stealth player
   805 | D:2      | Reached XP level 3. HP: 21/21 MP: 3/6
   848 | D:2      | XOM: divination: magic mapping
  1056 | D:2      | Reached XP level 4. HP: 27/27 MP: 1/7
  1188 | D:2      | XOM: silly message
  1417 | D:2      | XOM: silly message
  1715 | D:2      | XOM: silly message
  1937 | D:3      | Reached skill level 4 in Stealth
  1941 | D:3      | Reached XP level 5. HP: 31/31 MP: 5/9
  2199 | D:3      | Found a shimmering altar of Xom.
  2266 | D:3      | Found a blossoming altar of Fedhas.
  2848 | D:4      | Learned a level 3 spell: Inner Flame
  2851 | D:4      | Learned a level 2 spell: Blink
  2853 | D:4      | Gained mutation: You are partially covered in iridescent
                  | scales. (AC +2) [potion of mutation]
  2853 | D:4      | Gained mutation: You passively map a small area around you.
                  | [potion of mutation]
  2853 | D:4      | Gained mutation: You are somewhat resistant to further
                  | mutation. [potion of mutation]
  2988 | D:4      | XOM: silly message
  2990 | D:4      | XOM: silly message
  3065 | D:4      | XOM: silly message
  3066 | D:4      | Reached XP level 6. HP: 22/36 MP: 3/10
  3067 | D:4      | Reached skill level 1 in Hexes
  3124 | D:4      | XOM: silly message
  3212 | D:4      | Found Qidax's Magic Scroll Shop.
  3217 | D:4      | Bought a scroll of identify for 22 gold pieces
  3254 | D:4      | Found a runed translucent gate.
  3254 | D:4      | Found a runed translucent gate.
  3254 | D:4      | Found a runed translucent gate.
  3256 | D:4      | Noticed dertzug's ghost (novice OpSh)
  3273 | D:4      | XOM: silly message
  3286 | D:4      | XOM: potion effect (brilliance)
  3291 | D:4      | Slain by a kobold brigand

Illustrated notes

Levels and vault maps discovered:
D:1:      dpeg_arrival_arbitrary_a, layout_rooms,
          shapermc_ecumenical_altar_notcrosses
D:2:      layout_basic, minmay_tiny_reverse_x
D:3:      layout_rooms, fedhas_altar_4, mainiacjoe_overflow_catwalk,
          chequers_serial_rivers_small_3, kennysheep_generic_room_5
D:4:      layout_loops_corners, gammafunk_ghost_nasty_kobolds, serial_shops,
          shop

Skill      XL: |  1  2  3  4  5  6 |
---------------+-------------------+-----
Stealth        | 3 4 |  4.3
Conjurations   | 2 |  2.5
Dodging        | 3 |  3.1
Hexes          | 1 |  1.0
Spellcasting   | |  2.9
Translocations | |  0.8
Fire Magic     | |  3.9

Action                     |  1- 3 |  4- 6 || total
---------------------------+-------+-------++-------
  Melee: Dagger            |    30 |    10 ||    40
         Constrict         |     8 |    12 ||    20
         Tentacles         |     6 |    12 ||    18
         Punch             |     1 |     1 ||     2
         Short sword       |       |    38 ||    38
   Cast: Foxfire           |    44 |    56 ||   100
         Scorch            |       |    10 ||    10
         Inner Flame       |       |     3 ||     3
    Use: Scroll            |       |     5 ||     5
         Potion            |       |     5 ||     5
   Stab: Sleeping          |     3 |     8 ||    11
 Armour: Skin              |    10 |    15 ||    25
  Dodge: Dodged            |    33 |    52 ||    85

Table legend: (Time is in decaauts)
 A = Elapsed time spent in this place.
 B = Non-inter-level travel time spent in this place.
 C = Inter-level travel time spent in this place.
 D = Time resting spent in this place.
 E = Time spent auto-exploring this place.
 F = Levels seen in this place.
 G = Mean time per level.
                   A        B        C        D        E       F      G
               +--------+--------+--------+--------+--------+-----+--------+
         Total |   3287 |   3276 |     11 |      0 |   2208 |   4 |  821.8 |
       Dungeon |   3287 |   3276 |     11 |      0 |   2208 |   4 |  821.8 |
               +--------+--------+--------+--------+--------+-----+--------+

Top non-repeatable levels by time:
     D:2: 1147 daAuts
     D:1: 783 daAuts
     D:4: 680 daAuts
     D:3: 676 daAuts
